 Dungeon Sprint DCSS version 0.31.0-32-g396128a36d (webtiles) character file.

Game seed: 10825277767287272562

22387 Heoruswealwe the Phalangite (level 12, -7/132 HPs)
             Began as a Minotaur Fighter on Mar 21, 2024.
             Was an Initiate of Gozag.
             Collided with a rakshasa (10 damage)
             ... after being knocked back by a rakshasa
             ... in the Dungeon (Sprint IX: "|||||||||||||||||||||||||||||").
             The game lasted 00:22:29 (2510 turns).

Heoruswealwe the Phalangite (Minotaur Fighter)      Turns: 2510, Time: 00:22:30

Health: -7/132     AC: 28    Str: 29    XL:     12   Next: 62%
Magic:  0/11       EV: 14    Int:  5    God:    Gozag
Gold:   4          SH:  5    Dex: 10    Spells: 11/11 levels left

rFire   . . .        b - +2 halberd (venom)
rCold   . . .        (shield currently unavailable)
rNeg    . . .        c - +0 plate armour
rPois   .            (helmet restricted)
rElec   .            h - +1 cloak
rCorr   .            f - +2 pair of gloves {infuse}
SInv    .            e - +1 pair of boots
Will    .....        i - amulet of reflection Stlth
                     k - +3 ring of strength
HPRegen 0.42/turn    j - +5 ring of evasion
MPRegen 0.12/turn

%: no teleportation, reflection
@: gold aura, on berserk cooldown
A: horns 2, retaliatory headbutt
a: Renounce Religion, Potion Petition, Call Merchant, Bribe Branch


You were in the Dungeon.
You worshipped Gozag.
Gozag was noncommittal.
You visited 1 branch You collected 8941 gold pieces.
You spent 5304 gold pieces at shops.
You paid 3633 gold pieces to Gozag.

Inventory:

Hand Weapons
 a - a +3 trident
 b - a +2 halberd of venom (weapon)
 A - the +8 mithril axe "Arga" {speed, Will+}
   (You bought it in a shop in the Dungeon)

   Will+:     It increases your willpower.
 B - the +7 captain's cutlass {speed, disarm}
   (You bought it in a shop in the Dungeon)
 C - the +8 whip "Snakebite" {venom, curare, rPois}
   (You bought it in a shop in the Dungeon)

   rPois:     It protects you from poison
Armour
 c - a +0 plate armour (worn)
 d - a +0 buckler
 e - a +1 pair of boots (worn)
 f - a +2 pair of gloves of infusion (worn)
 h - a +1 cloak (worn)
Jewellery
 i - an amulet of reflection (around neck)
 j - a +5 ring of evasion (right hand)
 k - a +3 ring of strength (left hand)
Wands
 l - a wand of light (14)
 u - a wand of roots (6)
 w - a wand of mindburst (8)
Scrolls
 o - 4 scrolls of blinking
 q - 3 scrolls of enchant weapon
 s - 2 scrolls of enchant armour
 v - 2 scrolls of identify
Potions
 g - 2 potions of haste
 m - 7 potions of curing
 n - 2 potions of might
 p - a potion of resistance
 t - 2 potions of berserk rage


   Skills:
 + Level 19.9 Fighting
 * Level 26.7 Polearms
 + Level 20.0 Armour
 - Level 3.6 Shields


You had 11 spell levels left.
You didn't know any spells.
Your spell library was empty.

Dungeon Overview and Level Annotations

Branches:
Dungeon (1/1)

Altars:
Cheibriados
Dithmenos
Elyvilon
Fedhas
Gozag
Hepliaklqana
Kikubaaqudgha
Makhleb
Nemelex Xobeh
Okawaru
Qazlal
Ru
Sif Muna
Trog
Uskayaw
Vehumet
Wu Jian
Xom
Yredelemnul
Zin
The Shining One
Jiyva
Lugonu

Shops:
D ((*(*[=(


Innate Abilities, Weirdness & Mutations

You have a pair of horns on your head.
You reflexively headbutt those who attack you in melee.


Message History

The rakshasa is severely wounded.
You hit the rakshasa but do no damage.
The rakshasa is severely wounded.
The rakshasa blinks!
The rakshasa gestures at you. The lance of force hits you!
* * * LOW HITPOINT WARNING * * *
You are knocked back by the lance of force.
You collide with the rakshasa!
The rakshasa is almost dead.
The rakshasa barely misses you. The rakshasa completely misses you. x2
You puncture the rakshasa!
You kill the rakshasa!
The rakshasa shimmers and vanishes! x3
The rakshasa weaves an illusion.
The rakshasa shimmers and seems to become two!
The rakshasa blinks!
Your Armour skill increases to level 20!
You feel much better. The rakshasa closely misses you.
The rakshasa weaves an illusion.
The rakshasa shimmers and seems to become two!
You block the rakshasa's attack.
The rakshasa blinks!
You barely miss the rakshasa.
You headbutt the rakshasa, but do no damage.
You block the rakshasa's attack.
You puncture the rakshasa! Your headbutt misses the rakshasa.
The rakshasa is heavily wounded.
The rakshasa barely misses you.
The rakshasa blinks!
The rakshasa hits you but does no damage.
You puncture the rakshasa!
You kill the rakshasa!
The rakshasa shimmers and vanishes!
The rakshasa misses you. The rakshasa gestures at you.
The lance of force hits you!!
* * * LOW HITPOINT WARNING * * *
You are knocked back by the lance of force.
You collide with the rakshasa!
The rakshasa is lightly wounded.
You die...
Your body crumbles into a pile of gold.

▓.▓.▓.▓.▓.▓.▓
▓.▓.▓∩▓.▓.▓.▓.▓
▓R▓.▓.▓.▓.▓.▓.▓
▓R▓.▓∩▓.▓.▓.▓.▓
▓.▓.▓.▓.▓.▓.▓[▓
▓R▓.▓.▓.▓.▓.▓)▓
▓.▓.▓.▓.▓.▓.▓?▓
▓R▓.▓.▓.▓.▓.▓!▓
▓@▓.▓=▓.▓'▓.▓'▓
▓$▓.▓[▓.▓.▓.▓_▓
▓.▓.▓.▓.▓.▓.▓_▓
▓R▓.▓.▓.▓.▓.▓_▓
▓R▓.▓.▓.▓.▓.▓_▓
▓.▓.▓.▓.▓.▓.▓_▓
▓!▓.▓.▓.▓.▓.▓_▓
▓?▓.▓.▓.▓.▓.▓_▓
▓.▓.▓.▓.▓.▓.▓_▓


You could see 6 rakshasas.

Vanquished Creatures
  A fire dragon (D)
  A hydra (D)
  4 ogre magi (D)
  A rakshasa (D)
  3 centaur warriors (D)
  A death knight (D)
  A death yak (D)
  An orc high priest (D)
  2 tengu warriors (D)
  An arcanist (D)
  8 deep trolls (D)
  An ugly thing (D)
  An orc knight (D)
  An orc sorcerer (D)
  A cyclops (D)
  An elephant (D)
  A torpor snail (D)
  3 cane toads (D)
  A komodo dragon (D)
  An unseen horror (D)
  A tengu conjurer (D)
  5 polar bears (D)
  2 trolls (D)
  3 blink frogs (D)
  A wraith (D)
  2 yaks (D)
  A shadow (D)
  2 wyverns (D)
  A vampire mosquito (D)
  A basilisk (D)
  A water moccasin (D)
  An ice beast (D)
  10 orc warriors (D)
  4 black bears (D)
  An ogre (D)
  2 centaurs (D)
  A kobold brigand (D)
  2 bullfrogs (D)
  2 orc priests (D)
  7 orc wizards (D)
  An adder (D)
  An ufetubus (D)
  A dart slug (D)
  5 orcs (D)
  A ball python (D)
  2 giant cockroaches (D)
  A hobgoblin (D)
97 creatures vanquished.

Notes
Turn   | Place    | Note
-------+----------+-------------------------------------------
     0 | D        | Heoruswealwe the Minotaur Fighter began the quest for the
                  | Orb.
     0 | D        | Reached XP level 1. HP: 19/19 MP: 0/0
     7 | D        | Reached skill level 3 in Polearms
    16 | D        | Reached skill level 4 in Polearms
    24 | D        | Reached XP level 2. HP: 25/28 MP: 1/1
    35 | D        | Noticed an ogre
    35 | D        | Noticed an ice beast
    41 | D        | Reached skill level 5 in Polearms
    49 | D        | Killed an ice beast
    50 | D        | Reached skill level 8 in Polearms
    50 | D        | Reached XP level 3. HP: 28/38 MP: 2/2
    50 | D        | Reached XP level 4. HP: 33/45 MP: 3/3
    52 | D        | Killed an ogre
    53 | D        | Reached skill level 10 in Polearms
    53 | D        | Reached XP level 5. HP: 40/53 MP: 4/4
    60 | D        | Found a snail-covered altar of Cheibriados.
    60 | D        | Found a shadowy altar of Dithmenos.
    60 | D        | Found a white marble altar of Elyvilon.
    60 | D        | Found a blossoming altar of Fedhas.
    60 | D        | Found an opulent altar of Gozag.
    61 | D        | Found a hazy altar of Hepliaklqana.
    62 | D        | Found a viscous altar of Jiyva.
    63 | D        | Found an ancient bone altar of Kikubaaqudgha.
    64 | D        | Found a corrupted altar of Lugonu.
    65 | D        | Found a burning altar of Makhleb.
    66 | D        | Found a sparkling altar of Nemelex Xobeh.
    67 | D        | Found an iron altar of Okawaru.
    68 | D        | Became a worshipper of Gozag Ym Sagoz the Greedy
    69 | D        | Found a stormy altar of Qazlal.
    70 | D        | Found a sacrificial altar of Ru.
    71 | D        | Found a shimmering blue altar of Sif Muna.
    72 | D        | Found a bloodstained altar of Trog.
    73 | D        | Found a hide-covered altar of Uskayaw.
    74 | D        | Found a radiant altar of Vehumet.
    75 | D        | Found an ornate altar of the Wu Jian Council.
    76 | D        | Found a shimmering altar of Xom.
    77 | D        | Found a basalt altar of Yredelemnul.
    78 | D        | Found a glowing silver altar of Zin.
    79 | D        | Found a glowing golden altar of the Shining One.
   136 | D        | Noticed a shadow
   136 | D        | Noticed a yak
   136 | D        | Noticed a centaur
   136 | D        | Noticed a centaur
   139 | D        | Killed a centaur
   140 | D        | Reached XP level 6. HP: 62/62 MP: 5/5
   147 | D        | Killed a yak
   148 | D        | Reached skill level 12 in Polearms
   157 | D        | Reached XP level 7. HP: 52/71 MP: 6/6
   158 | D        | Reached skill level 10 in Fighting
   158 | D        | Reached skill level 13 in Polearms
   158 | D        | Reached skill level 10 in Armour
   162 | D        | Killed a shadow
   169 | D        | Reached skill level 14 in Polearms
   255 | D        | Noticed an arcanist
   255 | D        | Noticed a centaur warrior
   255 | D        | Noticed a centaur warrior
   255 | D        | Noticed a wraith
   255 | D        | Noticed a troll
   257 | D        | Killed a troll
   263 | D        | Killed a wraith
   264 | D        | Reached skill level 15 in Polearms
   264 | D        | Reached XP level 8. HP: 68/82 MP: 7/7
   268 | D        | Killed a centaur warrior
   269 | D        | Reached skill level 16 in Polearms
   274 | D        | Killed a centaur warrior
   275 | D        | Reached skill level 17 in Polearms
   275 | D        | Reached XP level 9. HP: 57/93 MP: 8/8
   283 | D        | Killed an arcanist
   284 | D        | Reached skill level 18 in Polearms
   290 | D        | Killed an unseen horror
   531 | D        | Noticed a cane toad
   538 | D        | Killed a cane toad
   544 | D        | Reached skill level 19 in Polearms
   545 | D        | Noticed a polar bear
   553 | D        | Noticed a torpor snail
   560 | D        | Reached XP level 10. HP: 34/104 MP: 9/9
   573 | D        | Killed a torpor snail
   574 | D        | Reached skill level 20 in Polearms
   747 | D        | Noticed a cane toad
   747 | D        | Noticed a death yak
   751 | D        | Killed a death yak
   752 | D        | Reached skill level 15 in Fighting
   752 | D        | Reached skill level 15 in Armour
   754 | D        | Noticed a cane toad
   764 | D        | Noticed an elephant
   781 | D        | Killed a cane toad
   782 | D        | Reached skill level 21 in Polearms
   788 | D        | Killed a cane toad
   793 | D        | Killed an elephant
  1039 | D        | Reached XP level 11. HP: 98/115 MP: 10/10
  1045 | D        | Reached skill level 22 in Polearms
  1219 | D        | Noticed an orc sorcerer
  1233 | D        | Killed an orc sorcerer
  1322 | D        | Noticed an orc high priest
  1322 | D        | Noticed an orc knight
  1337 | D        | Killed an orc knight
  1373 | D        | Killed an orc high priest
  1381 | D        | Reached skill level 23 in Polearms
  1674 | D        | Found Ujarihod's Antique Weapon Boutique.
  1674 | D        | Noticed an ogre mage
  1674 | D        | Noticed an ogre mage
  1674 | D        | Noticed a deep troll
  1674 | D        | Noticed a deep troll
  1674 | D        | Noticed a deep troll
  1674 | D        | Noticed a deep troll
  1677 | D        | Killed a deep troll
  1682 | D        | Killed a deep troll
  1685 | D        | Killed a deep troll
  1691 | D        | Killed an ogre mage
  1692 | D        | Reached skill level 24 in Polearms
  1694 | D        | Noticed an ogre mage
  1695 | D        | Killed an ogre mage
  1701 | D        | Killed a deep troll
  1702 | D        | Paralysed by something for 5 turns
  1713 | D        | Killed an ogre mage
  1935 | D        | Found Jiwk's Jewellery Shop.
  1939 | D        | Found Eloumo's Antique Armour Boutique.
  1941 | D        | Noticed a deep troll
  1942 | D        | Found Ataofatu's Assorted Antiques.
  1944 | D        | Noticed a deep troll
  1955 | D        | Killed a deep troll
  1967 | D        | Killed a deep troll
  1968 | D        | Reached XP level 12. HP: 107/128 MP: 11/11
  1987 | D        | Reached skill level 25 in Polearms
  1991 | D        | Noticed an ogre mage
  2006 | D        | Killed an ogre mage
  2088 | D        | Bought a scroll labelled DYDGHU BEUL QAL for 24 gold pieces
  2088 | D        | Bought a wand of light (4) for 403 gold pieces
  2088 | D        | Bought a scroll labelled PACIETHR ZIFRE for 24 gold pieces
  2116 | D        | Bought the +7 captain's cutlass {speed, disarm} for 1566
                  | gold pieces
  2116 | D        | Found the +7 captain's cutlass {speed, disarm}
  2119 | D        | Bought a runed beryl amulet for 205 gold pieces
  2119 | D        | Bought an encrusted silver wand for 164 gold pieces
  2119 | D        | Bought a scroll of identify for 82 gold pieces
  2119 | D        | Bought a wooden wand for 164 gold pieces
  2119 | D        | Bought a garnet ring for 205 gold pieces
  2119 | D        | Bought a scroll of identify for 82 gold pieces
  2119 | D        | Bought a scroll of enchant weapon for 307 gold pieces
  2119 | D        | Bought a pair of runed gloves for 307 gold pieces
  2124 | D        | Bought the +8 whip "Snakebite" {venom, curare, rPois} for
                  | 867 gold pieces
  2124 | D        | Found the +8 whip "Snakebite" {venom, curare, rPois}
  2127 | D        | Bought the +8 mithril axe "Arga" {speed, Will+} for 904
                  | gold pieces
  2127 | D        | Found the +8 mithril axe "Arga" {speed, Will+}
  2417 | D        | Noticed a five-headed hydra
  2417 | D        | Noticed a death knight
  2417 | D        | Noticed a tengu warrior
  2425 | D        | Killed a tengu warrior
  2439 | D        | Killed a death knight
  2445 | D        | Noticed a centaur warrior
  2447 | D        | Killed a nine-headed hydra
  2451 | D        | Reached skill level 26 in Polearms
  2460 | D        | Noticed a tengu warrior
  2463 | D        | Killed a centaur warrior
  2470 | D        | Noticed a fire dragon
  2472 | D        | Noticed a rakshasa
  2477 | D        | Noticed a rakshasa
  2481 | D        | Killed a tengu warrior
  2489 | D        | Killed a fire dragon
  2495 | D        | Noticed a rakshasa
  2503 | D        | Noticed a rakshasa
  2505 | D        | HP: 6/132 [rakshasa (illusionary)/lance of force (14)]
  2506 | D        | Killed a rakshasa
  2510 | D        | Noticed a rakshasa
  2510 | D        | HP: 3/132 [rakshasa/lance of force (31)]
  2510 | D        | Collided with a rakshasa

Illustrated notes

Levels and vault maps discovered:
D:        linesprint [early_d, line_temple, items_1, d_10, items_2, lair_1,
          lair_end, items_3, orc_1, orc_end, items_4, d_15, swamp_1, shoals_1,
          snake_1, spider_1, d_20, vaults_1, items_5, swamp_end, shoals_end,
          snake_end, spider_end, vaults_end, d_27, items_6, zot_1, zot_end,
          crypt_end, forest_end, elf_end, slime_end, tomb_end, abyss_end,
          pan_hell_end]

Skill      XL: |  1  2  3  4  5  6  7  8  9 10 11 12 |
---------------+-------------------------------------+-----
Polearms       | 4 8 10 12 15 17 19 21 24 26 | 26.7
Fighting       | 4 6 7 8 9 11 13 14 16 18 19 | 19.9
Armour         | 4 6 7 8 9 11 13 14 16 18 20 | 20.0
Shields        | |  3.6

Action                     |  1- 3 |  4- 6 |  7- 9 | 10-12 || total
---------------------------+-------+-------+-------+-------++-------
  Melee: Trident           |    33 |     4 |       |       ||    37
         Headbutt          |     5 |     2 |    15 |    70 ||    92
         Halberd           |       |    12 |    61 |   302 ||   375
 Invoke: Call Merchant     |       |       |       |     4 ||     4
    Use: Potion            |       |       |       |     8 ||     8
         Scroll            |       |       |       |     3 ||     3
 Armour: Scale mail        |    22 |       |       |       ||    22
         Chain mail        |       |    17 |    51 |    70 ||   138
         Plate armour      |       |       |       |   195 ||   195
  Dodge: Dodged            |    16 |    11 |    20 |   133 ||   180
  Block: Buckler           |     5 |       |       |       ||     5
         Other             |       |       |       |    19 ||    19
         Reflection        |       |       |       |     1 ||     1
